 Dungeon Crawl Stone Soup version 0.32-a0-520-g344ed53f66 (webtiles) character file.

Game seed: 13904513622538758223

62 javelincjr the Grasshopper (level 3, 0/42 HPs)
             Began as a Demonspawn Warper on Feb 27, 2024.
             Succumbed to an adder's poison
             ... on level 3 of the Dungeon.
             The game lasted 00:07:01 (1790 turns).

javelincjr the Grasshopper (Demonspawn Warper)      Turns: 1790, Time: 00:07:02

Health: 0/42       AC:  3    Str: 13    XL:     3   Next: 85%
Magic:  6/6        EV:  1    Int: 17    God:
Gold:   64         SH:  4    Dex: 12    Spells: 2/6 levels left

rFire   + . .        a - +0 spear
rCold   + . .        g - +1 buckler {rC+ rF+}
rNeg    . . .        b - +0 leather armour
rPois   .            (no helmet)
rElec   .            (no cloak)
rCorr   .            (no gloves)
SInv    +            (no boots)
Will    .....        (no amulet) Stlth
                     i - ring of see invisible
HPRegen 0.27/turn    n - ring of flight
MPRegen 0.10/turn

%: no passive effects
@: berserking, lethally poisoned (0 -> -3), flying, constricted, very quick
A: big brain 2
a: no special abilities


You were on level 3 of the Dungeon.
You visited 1 branch of the dungeon, and saw 3 of its levels.

You collected 64 gold pieces.

Inventory:

Hand Weapons
 a - a +0 spear (weapon)
Missiles
 d - 7 darts of dispersal (quivered)
 k - 2 poisoned darts
Armour
 b - a +0 leather armour (worn)
 g - a +1 buckler of resistance (worn)
 h - a +0 ring mail
Jewellery
 i - a ring of see invisible (left hand)
 n - a ring of flight (right hand)
Scrolls
 c - a scroll of blinking
 e - a scroll of silence
 j - 5 scrolls of identify {unknown}
Potions
 l - a potion of attraction {unknown}


   Skills:
 * Level 2.7 Fighting
 + Level 2.2 Polearms
 - Level 0.8 Throwing
 + Level 1.4 Armour
 + Level 2.1 Dodging
 + Level 2.3 Spellcasting
 + Level 3.0 Translocations


You had 2 spell levels left.
You knew the following spells:

 Your Spells              Type           Power      Damage    Failure   Level
a - Blink                 Tloc           24%        N/A       14%         2
b - Lesser Beckoning      Tloc           24%        N/A       14%         2

Your spell library contained the following spells:

 Spells                   Type           Power      Damage    Failure   Level
 Teleport Other           Tloc           12%        N/A       28%         3
 Volatile Blastmotes      Fire/Tloc      14%        2d11      47%         3
 Manifold Assault         Tloc           12%        N/A       67%         4
 Dazzling Flash           Conj/Hex       4%         N/A       69%         3
 Tukima's Dance           Hex            2%         N/A       69%         3
 Dimensional Bullseye     Hex/Tloc       3%         N/A       87%         4
 Iskenderun's Mystic Bla  Conj/Tloc      7%         2d4       87%         4
 Vhi's Electric Charge    Tloc/Air       14%        N/A       87%         4
 Dispersal                Tloc           6%         N/A       100%        6
 Starburst                Conj/Fire      1%         6d3       100%        6
 Spellforged Servitor     Conj/Summ      1%         N/A       100%        7
 Maxwell's Capacitive Co  Air            1%         ∞         100%        8


Dungeon Overview and Level Annotations

Branches:
Dungeon (3/15)

Altars:
Ru

Shops:
D:2 !

Portals:
Sewer: D:3


Innate Abilities, Weirdness & Mutations

You have an extremely huge brain. (Int +4)


Message History

The ball python constricts you.
The adder moves out of view.
There is an open door here.
You hit the ball python.
You kill the ball python!
You block the river rat's attack. The ball python barely misses you.
The ball python grabs you. The ball python constricts you.
The ball python's grasp on you weakens, but your attempt to escape fails.
You block the river rat's attack.
The ball python bites you but does no damage.
The ball python constricts you.
You escape the ball python's grasp.
The river rat bites you but does no damage.
The river rat barely misses you. You block the adder's attack.
The adder bites you.
You are poisoned.
The adder poisons you! The ball python bites you.
The ball python closely misses you.
There is a glowing drain here.
You closely miss the river rat.
You feel sick. The adder barely misses you. You block the river rat's attack.
The ball python barely misses you. You block the ball python's attack.
The adder closely misses you.
You hit the river rat.
The river rat is heavily wounded.
You feel sick. The ball python bites you. The ball python barely misses you.
The river rat bites you.
* * * LOW HITPOINT WARNING * * *
The adder closely misses you.
You feel sick.
The ball python bites you but does no damage.
The adder bites you.
* * * LOW HITPOINT WARNING * * *
The river rat bites you.
* * * LOW HITPOINT WARNING * * *
The ball python misses you. The ball python grabs you.
You stop descending the stairs.
The ball python constricts you.
It was a potion of berserk rage.
A red film seems to cover your vision as you go berserk!
You feel yourself moving faster!
You feel mighty!
You die...

......#.# # #....#
........###....##.##
.........##.### #..#
............######.###
...........##........#
...........##.######.#
...........# #~~~~#.#
...........#. #~~~~#.#
...........#..#~@r~#.#
..........##..#~SS~#.#
........<..#..#~~~~#.#
..............###'##.#
.....................#
....###.#.### . .....#
#.##### #.


You could see an adder, a river rat and a ball python.

Vanquished Creatures
  An adder (D:3)
  A ribbon worm (D:2)
  A dart slug (D:3)
  An orc (D:3)
  A bat (D:1)
  4 endoplasms
  4 giant cockroaches
  4 goblins
  3 hobgoblins
  4 kobolds
  4 quokkas
  6 ball pythons
  8 frilled lizards
  3 rats
45 creatures vanquished.

Notes
Turn   | Place    | Note
-------+----------+-------------------------------------------
     0 | D:1      | javelincjr the Demonspawn Warper began the quest for the
                  | Orb.
     0 | D:1      | Reached XP level 1. HP: 16/16 MP: 3/3
   116 | D:1      | Reached skill level 1 in Armour
   127 | D:1      | Gained mutation: You have an unusually large brain. (Int
                  | +2) [demonic ancestry]
   127 | D:1      | Reached XP level 2. HP: 22/22 MP: 5/5
   258 | D:1      | Got Xysasote's Guide on the Mirage and Space
   262 | D:1      | Learned a level 2 spell: Blink
   265 | D:1      | Learned a level 2 spell: Lesser Beckoning
   831 | D:2      | Gained mutation: You have an extremely huge brain. (Int +4)
                  | [demonic ancestry]
   831 | D:2      | Reached XP level 3. HP: 22/28 MP: 6/6
   902 | D:2      | Found a faded altar of an unknown god.
   994 | D:2      | Found Gyrul's Distillery.
  1157 | D:2      | Found a sacrificial altar of Ru.
  1609 | D:3      | Identified a scroll of acquirement
  1609 | D:3      | Acquired a +1 buckler of resistance
  1690 | D:3      | Reached skill level 3 in Translocations
  1774 | D:3      | Found a glowing drain.
  1789 | D:3      | HP: 1/28 [river rat (4)]
  1790 | D:3      | Succumbed to an adder's poison

Illustrated notes

Levels and vault maps discovered:
D:1:      tekkud_arrival_beachfront_property, layout_loops_ring, hex_tiny,
          minmay_lizard_pond
D:2:      layout_basic, shapermc_ecumenical_altar_pompeii, serial_shops, shop,
          basic_altar, minmay_misc_feat_alley,
          nicolae_concentric_dashed_squares_wild
D:3:      layout_rooms, portal_sewer_entry_c, uniq_robin

Skill      XL: |  1  2  3 |
---------------+----------+-----
Armour         | 1 |  1.4
Dodging        | 2 |  2.1
Polearms       | 2 |  2.2
Translocations | 3 |  3.0
Fighting       | |  2.7
Throwing       | |  0.8
Spellcasting   | |  2.3

Action                     || total
---------------------------++-------
  Melee: Spear             ||   163
    Use: Scroll            ||     3
         Potion            ||     1
   Stab: Distracted        ||     1
         Sleeping          ||     1
 Armour: Leather armour    ||    69
  Dodge: Dodged            ||    66
  Block: Buckler           ||     9

Table legend: (Time is in decaauts)
 A = Elapsed time spent in this place.
 B = Non-inter-level travel time spent in this place.
 C = Inter-level travel time spent in this place.
 D = Time resting spent in this place.
 E = Time spent auto-exploring this place.
 F = Levels seen in this place.
 G = Mean time per level.
                   A        B        C        D        E       F      G
               +--------+--------+--------+--------+--------+-----+--------+
         Total |   1792 |   1743 |     49 |      0 |   1306 |   3 |  597.3 |
       Dungeon |   1792 |   1743 |     49 |      0 |   1306 |   3 |  597.3 |
               +--------+--------+--------+--------+--------+-----+--------+

Top non-repeatable levels by time:
     D:2: 819 daAuts
     D:1: 759 daAuts
     D:3: 214 daAuts
